 Dungeon Crawl Stone Soup version 0.18-a0-921-g28655ce (webtiles) character file.

67 Duffy the Sneak (level 4, 35/35 HPs)
             Began as a Demonspawn Assassin on Dec 27, 2015.
             Quit the game on level 2 of the Dungeon.
             The game lasted 00:02:26 (1652 turns).

Duffy the Sneak (Demonspawn Assassin)               Turns: 1652, Time: 00:02:26

Health: 35/35      AC:  8    Str: 11    XL:     4   Next: 0%
Magic:  4/4        EV: 13    Int: 13    God:
Gold:   108        SH:  0    Dex: 15    Spells: 0 memorised, 3 levels left

rFire  . . .     SeeInvis .     h - +1 dagger (protect)
rCold  . . .     Gourm    .     c - +0 robe
rNeg   . . .     Faith    .     (no shield)
rPois  .         Spirit   .     (no helmet)
rElec  .         Dismiss  .     d - +0 cloak
rCorr  .         Reflect  .     (no gloves)
SustAt .         Harm     .     (no boots)
MR     .....                    (no amulet)
Stlth  ++........               (no ring)
                                (no ring)

@: not resistant to hostile enchantments, unstealthy
A: talons 1, powered by death 1
a: no special abilities


You were on level 2 of the Dungeon.
You were not hungry.

You visited 1 branch of the dungeon, and saw 2 of its levels.

You collected 108 gold pieces.


Innate Abilities, Weirdness & Mutations

You have sharp toenails.
You regenerate a little health from kills.


   Skills:
 + Level 3.2 Fighting
 - Level 2.0 Short Blades
 - Level 1.8 Throwing
 + Level 2.3 Dodging
 - Level 3.6 Stealth


You had 3 spell levels left.
You didn't know any spells.

Inventory:

Hand Weapons
 b - a +0 blowgun
 h - a +1 dagger of protection (weapon)
Missiles
 e - 8 poisoned needles
 f - 2 curare-tipped needles
Armour
 c - a +0 robe (worn)
 d - a +0 cloak (worn)
Scrolls
 a - 3 scrolls of identify {unknown}
 j - 2 scrolls of remove curse {unknown}
 k - a scroll of fog {unknown}
 n - 2 scrolls of enchant weapon {unknown}
 o - a scroll of magic mapping {unknown}
 p - a scroll of blinking {unknown}
Potions
 m - a potion of brilliance {unknown}
 r - a potion of magic {unknown}
 u - a potion of flight {unknown}
Comestibles
 g - 2 bread rations
 i - 3 meat rations
 l - a slice of pizza
 q - a beef jerky
 s - a chunk of flesh
 t - 2 fruits

Dungeon Overview and Level Annotations

Branches:
Dungeon (2/15)

Altars:
Gozag


Message History

You swing at nothing.
You swing at nothing.
You swing at nothing.
You swing at nothing.
You swing at nothing.
You swing at nothing.
You swing at nothing.
You swing at nothing.
You feel less regenerative.
You swing at nothing.
You swing at nothing.
You swing at nothing.
You swing at nothing.
You swing at nothing.
You are feeling hungry.
You swing at nothing.
You swing at nothing.
You swing at nothing.
You see here a worm corpse.
You butcher the worm corpse.
s - 3 chunks of flesh (gained 1) Eating one of 3 chunks of flesh.
This raw flesh tastes terrible.
You continue eating. x2
A giant newt comes into view.
A giant newt is nearby!
A giant newt is nearby!
Some of the chunks of flesh in your inventory have rotted away.
Found 12 gold pieces.
The helpless giant newt fails to defend itself.
You impale the giant newt!!
You kill the giant newt!
You have reached level 4!
You feel agile.
Your demonic ancestry asserts itself...
Your toenails lengthen and sharpen.
Are you sure you want to abandon this character and quit the game? (Confirm with "yes".)

####(# . ...# #.# ###..#
##.# #....# #... .<...##
#$.# .#....# #..# .....###
#..# ......(######
#..######## .###.#(##...#
#.@.......#
.....#)##.#.###.#####...#
.....#(##....##.#...#...#
###..#......(##.#.#.#...##
........>....##.#.#(#....#
###..##.....###.#.#.#..#.#
#.........###.#.#.#..#.#
##................#..#.#
####..##....####..###..#.#


There were no monsters in sight!

Action                   |  1- 3 |  4- 6 || total
-------------------------+-------+-------++-------
Melee: Dagger            |   178 |       ||   178
 Stab: Sleeping          |     6 |       ||     6
  Eat: Chunk             |     3 |       ||     3

Notes
Turn   | Place    | Note
--------------------------------------------------------------
     0 | D:1      | Duffy the Demonspawn Assassin began the quest for the Orb.
     0 | D:1      | Reached XP level 1. HP: 16/16 MP: 1/1
    56 | D:1      | Reached skill level 2 in Short Blades
   193 | D:1      | Reached skill level 1 in Dodging
   386 | D:1      | Gained mutation: You regenerate a little health from kills. [demonic ancestry]
   386 | D:1      | Reached XP level 2. HP: 19/22 MP: 2/2
   631 | D:1      | Reached XP level 3. HP: 25/28 MP: 3/3
  1103 | D:2      | Reached skill level 2 in Dodging
  1156 | D:2      | Found an opulent altar of Gozag.
  1196 | D:2      | Reached skill level 3 in Fighting
  1651 | D:2      | Gained mutation: You have sharp toenails. [demonic ancestry]
  1651 | D:2      | Reached XP level 4. HP: 35/35 MP: 4/4
  1652 | D:2      | Quit the game

Vault maps used:
D:1:      evilmike_arrival_hilbert_curve, dk_noncrumbling_3, minmay_unequal
D:2:      grunt_gozag_breadcrumbs

Vanquished Creatures
  An adder
  2 oozes
  2 worms
  A giant gecko
  6 bats
  9 hobgoblins
  A ball python
  3 giant newts
  3 goblins
  10 kobolds
  A quokka
  5 rats
44 creatures vanquished.
